Map: Ley Lines

Players

Mixu - Winner!

  • Race: Zerg Zerg
  • League: Master
  • Spawn Location: 1:00

LunaSea

  • Race: Protoss Protoss
  • Spawn Location: 7:00

Event: HomeStory Cup XXVII

VOD

Have the link to the VOD?

Description

Time

  • Played on: June 27, 2025, 3:35 p.m.
  • Length: 20:36

All games in this series

Show
View Real Time Build Order
Export as new Build Order

Mixu Zerg - Winner!

Build Orders: Hatch First 

Get SALT Encoding   

  12  0:00  Drone  
  13  0:08  Drone  
  14  0:14  Extractor  
  14  0:16  Drone  
  15  0:21  Overlord  
  15  0:41  Hatchery  
  14  0:45  Drone  
  14  0:49  Drone  
  16  0:52  Drone  
  18  0:57  Drone  
  18  1:08  Extractor  
  17  1:13  Spawning Pool  
  17  1:16  Drone  
  17  1:19  Drone  
  18  1:31  Drone  
  19  1:39  Drone  
  20  1:50  Drone  
  21  1:59  Queen x2  
  21  2:00  Zergling x2  
  26  2:02  Overlord  
  26  2:06  Drone  
  27  2:12  Drone  
  28  2:21  Drone  
  29  2:23  Drone  
  30  2:33  Drone  
  30  2:34  Drone  
  32  2:42  Drone  
  32  2:43  Drone  
  34  2:44  Hatchery, Metabolic Boost  
  34  2:49  Overlord  
  33  2:55  Drone  
  33  2:58  Queen  
  36  3:07  Overlord  
  36  3:10  Drone x4  
  36  3:11  Drone  
  41  3:20  Drone x2  
  43  3:33  Drone x2  
  45  3:35  Queen  
  47  3:42  Roach Warren  
  47  3:43  Overlord  
  47  3:45  Drone x3  
  47  3:46  Drone  
  47  3:47  Drone  
  47  3:48  Zergling x2  
  52  3:52  Lair  
  52  3:54  Extractor  
  51  3:57  Zergling x2  
  51  3:58  Spore Crawler  
  51  4:00  Zergling x2  
  51  4:02  Zergling x4  
  54  4:13  Spore Crawler x2  
  52  4:22  Roach x3  
  52  4:23  Zergling x10  
  63  4:26  Roach  
  63  4:30  Overlord  
  65  4:35  Evolution Chamber  
  65  4:37  Overlord  
  64  4:39  Zergling x2  
  64  4:44  Overlord  
  64  4:55  Roach x4  
  64  4:57  Roach x3  
  76  5:03  Roach  
  72  5:09  Roach  
  73  5:24  Roach x2  
  73  5:27  Zergling x6  
  76  5:35  Drone x3  
  79  5:37  Zergling x2  
  79  5:38  Zergling x6  
  79  5:39  Roach  
  83  5:52  Evolution Chamber  
  83  5:55  Roach x3  
  74  6:05  Drone  
  75  6:18  Drone x4  
  77  6:25  Drone x2  
  79  6:34  Roach  
  79  6:37  Zergling x8  
  85  6:45  Ravager  
  85  6:46  Zergling x8  
  90  6:52  Overlord  
  90  7:05  Roach  
  88  7:09  Overlord  
  88  7:13  Hatchery, Roach x2  
  91  7:16  Glial Reconstitution  
  91  7:19  Overlord  
  89  7:33  Roach  
  89  7:34  Roach x2  
  89  7:37  Hatchery  
  94  7:43  Roach x2  
  92  7:51  Zergling x12  
  96  7:59  Roach  
  97  8:05  Roach  
  97  8:11  Zergling x4, Roach  
  101  8:15  Zergling x2  
  101  8:17  Zergling x4  
  104  8:22  Extractor  
  104  8:23  Roach  
  104  8:26  Zergling x2  
  106  8:38  Roach  
  106  8:39  Overlord  
  102  8:56  Roach x3  
  105  9:05  Zergling x12, Roach  
  109  9:11  Zergling x6  
  109  9:16  Zergling x6  
  113  9:22  Zergling x4  
  115  9:28  Drone  
  115  9:29  Baneling Nest  
  115  9:30  Extractor  
  114  9:35  Drone x2  
  116  9:41  Drone x4  
  120  9:45  Overlord  
  120  9:47  Drone  
  121  9:56  Extractor  
  121  9:57  Overlord  
  121  9:58  Drone x2  
  122  10:02  Overlord x2  
  122  10:05  Drone x4, Zerg Missile Weapons Level 1  
  126  10:13  Centrifugal Hooks  
  123  10:16  Drone x5  
  122  10:23  Overlord  
  111  10:29  Drone  
  111  10:33  Zergling x16  
  119  10:41  Zergling x8  
  121  10:50  Zergling x6  
  124  10:58  Drone x4  
  124  11:01  Baneling  
  124  11:02  Baneling x8  
  128  11:06  Hatchery  
  128  11:07  Drone x3  
  128  11:08  Drone  
  128  11:09  Drone  
  132  11:14  Drone x3  
  132  11:15  Drone  
  132  11:16  Ravager x2  
  132  11:17  Ravager  
  132  11:18  Ravager  
  140  11:23  Zergling x8  
  144  11:28  Pneumatized Carapace  
  144  11:32  Overseer  
  144  11:33  Overseer  
  144  11:37  Overlord  
  144  11:38  Zergling x10  
  149  11:41  Baneling x5  
  149  11:50  Overseer  
  149  11:54  Overlord  
  149  11:56  Drone  
  149  11:58  Zergling x16  
  158  12:03  Zergling x10  
  163  12:15  Overseer  
  163  12:16  Zergling x10  
  168  12:23  Zergling x6  
  168  12:26  Baneling x7  
  168  12:27  Baneling x13  
  171  12:34  Zergling x10  
  176  12:42  Lair  
  174  12:54  Zergling x8  
  174  13:00  Zergling x6  
  174  13:13  Overlord  
  174  13:15  Baneling x13  
  174  13:19  Overlord  
  168  13:22  Hatchery  
  168  13:23  Zergling x4  
  169  13:29  Overlord  
  159  13:38  Zergling x12  
  141  13:46  Roach x2  
  144  13:53  Extractor  
  144  13:55  Zergling x12  
  149  13:56  Hatchery  
  148  14:05  Roach x2  
  148  14:07  Roach  
  153  14:12  Roach  
  153  14:23  Roach x2  
  143  14:27  Roach x7  
  157  14:32  Zergling x4  
  157  14:33  Zergling x6, Extractor  
  161  14:39  Zergling x6  
  164  14:46  Zergling x4  
  164  14:52  Roach x2  
  170  14:57  Roach x5  
  163  15:01  Roach  
  155  15:07  Zergling x6  
  155  15:10  Roach x4  
  155  15:14  Roach  
  158  15:18  Roach x2  
  157  15:23  Queen  
  157  15:24  Roach x2  
  157  15:25  Zergling x12, Roach  
  171  15:31  Zergling x8  
  172  15:37  Roach x3  
  172  15:41  Roach x5  
  184  15:51  Overlord, Ravager x2  
  184  15:52  Zergling x16  
  192  16:04  Baneling x6  
  192  16:05  Overlord  
  192  16:07  Extractor  
  192  16:08  Ravager  
  192  16:09  Extractor  
  191  16:15  Zergling x18  
  200  16:22  Baneling x4  
  199  16:32  Roach x8  
  198  16:38  Roach x2  
  198  16:39  Roach  
  199  16:41  Roach x5  
  199  16:46  Roach x2  
  194  16:53  Extractor  
  194  16:54  Extractor  
  190  16:57  Drone  
  190  16:58  Drone x5, Infestation Pit  
  195  17:02  Ravager x2  
  195  17:05  Ravager  
  198  17:10  Zergling x2  
  199  17:19  Baneling  
  199  17:20  Baneling x9  
  199  17:28  Zergling x26  
  196  17:34  Drone x3  
  195  17:41  Zergling x12  
  196  17:45  Drone x3  
  196  17:47  Ravager  
  196  17:48  Ravager  
  199  18:01  Hive  
  199  18:02  Zerg Missile Weapons Level 2  
  199  18:07  Baneling x9  
  196  18:24  Burrow  
  196  18:26  Overlord  
  196  18:33  Ravager  
  196  18:34  Baneling x18  
  197  18:44  Hydralisk Den  
  196  19:11  Drone x2  
  197  19:19  Roach x3  
  196  19:26  Roach x5  
  196  19:30  Roach x4  
  179  19:39  Roach x12  
  179  19:42  Zergling x10  
  190  19:46  Roach x3  
  190  19:51  Zergling x4  
  192  19:56  Roach x3  
  192  20:01  Roach x2  
  194  20:12  Zergling x10  
  193  20:15  Lurker Den  
  193  20:16  Roach x3  
Show
View Real Time Build Order
Export as new Build Order

LunaSea Protoss 

Build Orders: 1 Gate Expand, Mass Adepts 

Get SALT Encoding   

  12  0:00  Probe  
  13  0:12  Probe  
  14  0:18  Pylon  
  14  0:24  Probe  
  15  0:33  Probe  
  15  0:41  Gateway, Probe  
  17  0:51  Probe, Assimilator  
  18  1:03  Probe  
  19  1:15  Probe  
  20  1:32  Nexus  
  20  1:36  Cybernetics Core  
  20  1:39  Probe  
  21  1:51  Probe, Assimilator  
  22  1:57  Pylon  
  22  2:03  Probe  
  22  2:06  Adept  
  23  2:12  Warp Gate  
  25  2:15  Probe  
  26  2:25  Twilight Council  
  26  2:27  Probe  
  27  2:31  Pylon  
  27  2:37  Adept  
  27  2:40  Probe  
  30  2:47  Probe  
  31  2:58  Robotics Facility, Adept  
  31  3:02  Resonating Glaives  
  33  3:12  Gateway  
  33  3:18  Gateway  
  33  3:29  Gateway  
  33  3:31  Adept  
  35  3:34  Probe, Warp Prism  
  35  3:35  Probe  
  39  3:49  Pylon  
  39  3:51  Probe  
  40  3:57  Pylon  
  40  4:13  Adept x3  
  46  4:20  Probe x2  
  46  4:23  Pylon  
  48  4:32  Adept  
  48  4:33  Adept x3  
  48  4:36  Probe x2  
  58  4:57  Adept x4  
  58  4:58  Probe  
  65  5:10  Immortal  
  69  5:22  Probe  
  69  5:23  Pylon  
  69  5:24  Pylon  
  70  5:34  Pylon, Assimilator  
  70  5:41  Probe  
  71  5:46  Immortal  
  71  5:54  Adept x4  
  77  5:59  Pylon  
  77  6:00  Pylon  
  71  6:19  Probe  
  71  6:24  Adept x4  
  84  6:26  Probe  
  84  6:29  Observer  
  84  6:31  Probe  
  83  6:33  Gateway  
  83  6:36  Gateway  
  83  6:38  Probe  
  83  6:39  Pylon  
  84  6:43  Probe  
  84  6:44  Adept  
  84  6:45  Adept x2  
  91  6:47  Adept  
  91  6:50  Probe  
  94  6:56  Probe  
  94  7:00  Pylon  
  95  7:09  Immortal  
  97  7:23  Adept x4  
  99  7:31  Nexus  
  91  7:40  Immortal  
  79  7:44  Adept x3  
  79  7:45  Adept x2  
  89  8:05  Probe  
  84  8:09  Probe  
  81  8:14  Adept x3  
  81  8:15  Shield Battery  
  81  8:17  Probe  
  81  8:18  Shield Battery  
  88  8:24  Adept x3  
  84  8:28  Charge  
  84  8:34  Adept x3  
  90  8:44  Observer  
  91  8:51  Adept  
  91  8:52  Adept  
  92  8:56  Immortal, Adept  
  91  9:03  Adept x2  
  91  9:09  Probe  
  93  9:11  Adept  
  93  9:14  Sentry  
  94  9:24  Immortal  
  94  9:25  Sentry  
  94  9:30  Sentry  
  98  9:32  Adept  
  104  9:39  Probe  
  104  9:40  Probe  
  104  9:50  Adept x2  
  104  9:52  Probe  
  107  9:55  Adept  
  107  9:56  Sentry  
  107  10:01  Stalker  
  109  10:12  Adept x3  
  112  10:17  Adept  
  112  10:19  Adept  
  115  10:26  Immortal  
  101  10:29  Sentry  
  106  10:40  Probe  
  106  10:41  Probe  
  109  10:42  Probe  
  109  10:52  Probe  
  109  10:53  Probe, Warp Prism  
  109  10:54  Probe  
  112  10:58  Sentry x2  
  116  11:05  Adept x2  
  122  11:17  Probe x3, Assimilator  
  122  11:18  Assimilator  
  125  11:22  Sentry  
  127  11:29  Probe x2  
  129  11:35  Adept x2  
  129  11:39  Pylon  
  133  11:40  Pylon  
  133  11:45  Pylon  
  133  11:47  Forge  
  133  11:50  Gateway  
  133  11:59  Protoss Ground Weapons Level 1, Blink  
  133  12:02  Adept x4  
  133  12:03  Adept  
  143  12:16  Probe  
  143  12:17  Probe  
  143  12:18  Probe  
  143  12:20  Assimilator  
  146  12:28  Probe  
  147  12:33  Stalker x3  
  153  12:46  Pylon x3  
  153  12:49  Pylon  
  153  12:51  Pylon  
  147  13:00  Stalker  
  147  13:02  Stalker  
  147  13:04  Stalker  
  147  13:05  Stalker  
  151  13:19  Sentry x3  
  155  13:39  Adept x4  
  137  13:46  Sentry x3  
  143  13:54  Probe  
  144  13:57  Gateway  
  144  14:05  Sentry x4  
  144  14:08  Templar Archives  
  142  14:17  Protoss Ground Weapons Level 2  
  124  14:24  Zealot x3  
  124  14:28  Gateway  
  130  14:32  Adept  
  130  14:34  Gateway  
  132  14:40  Zealot x3  
  138  14:47  High Templar x2  
  138  14:51  Archon  
  142  14:54  Adept x3  
  142  14:58  Probe  
  127  15:01  Adept x3  
  111  15:16  Probe  
  111  15:17  Adept x3  
  118  15:22  Probe x2  
  118  15:27  High Templar x2  
  125  15:28  Probe  
  125  15:31  Archon  
  125  15:35  Probe x2  
  126  15:40  Probe  
  127  15:47  Probe  
  129  15:50  Pylon  
  129  15:52  Probe  
  129  16:06  High Templar x2  
  129  16:11  Archon  
  133  16:12  Pylon  
  133  16:14  Pylon  
  133  16:30  Warp Prism  
  133  16:31  Probe  
  128  16:35  Adept  
  128  16:36  Adept x3  
  128  16:43  Probe  
  128  16:44  Probe  
  130  16:52  High Templar x2  
  134  16:58  Archon  
  134  17:03  Stalker  
  136  17:12  Pylon  
  136  17:15  Sentry x2  
  140  17:19  Pylon  
  126  17:45  Adept x6  
  130  18:04  High Templar  
  130  18:05  High Templar, Zealot x3  
  138  18:10  Archon  
  138  18:22  Zealot x3  
  138  18:26  Sentry x2  
  148  18:30  Probe  
  149  18:34  Zealot  
  151  18:49  Pylon  
  151  18:55  Pylon  
  149  19:20  Sentry x3  
  145  19:30  Stalker x3  
  145  19:31  Adept  
  75  19:49  Sentry  
  71  19:52  Zealot x2  
  68  20:03  Sentry  
Tags
 
Add a new tag
Caveats
  • Supply blocks, unpowered buildings, or Contaminate may cause inaccurate times.
  • Supply counts are checked every 10 seconds.